 Dungeon Crawl Stone Soup version 0.31-a0-182-gc5ef74bbde (webtiles) character file.

Game seed: 2727323992242735273

436 qw the Chopper (level 7, 0/43 HPs)
             Began as a Gargoyle Fighter on June 20, 2023.
             Slain by a wyvern (5 damage)
             ... on level 4 of the Dungeon.
             The game lasted 00:01:38 (3116 turns).

qw the Chopper (Gargoyle Fighter)                   Turns: 3116, Time: 00:01:39

Health: 0/43       AC: 16    Str: 22    XL:     7   Next: 1%
Magic:  7/7        EV:  8    Int:  8    God:
Gold:   208        SH:  4    Dex:  9    Spells: 6/6 levels left

rFire   . . .        Y - +1 war axe
rCold   . . .        c - +0 buckler
rNeg    + . .        j - +0 chain mail
rPois   inf          o - +1 helmet
rElec   +            (no cloak)
rCorr   .            (no gloves)
SInv    .            (no boots)
Will    .....        (no amulet) Stlth
                     (no ring)
HPRegen 0.27/turn    (no ring)
MPRegen 0.10/turn

%: no passive effects
@: no status effects
A: sickness immunity, AC +4, negative energy resistance 1, electricity
resistance, torment resistance 1, petrification resistance
a: no special abilities


You were on level 4 of the Dungeon.
You visited 1 branch of the dungeon, and saw 4 of its levels.

You collected 208 gold pieces.


Innate Abilities, Weirdness & Mutations

You are immune to sickness and miasma.
Your stone body is resilient. (AC +4)
You are immune to poison.
You resist negative energy. (rN+)
You are resistant to electric shocks. (rElec)
You are resistant to unholy torment.
You are immune to petrification.


   Skills:
 - Level 4.0 Fighting
 + Level 6.1 Axes
 - Level 3.2 Armour
 - Level 1.0 Dodging
 - Level 3.2 Shields


You had 6 spell levels left.
You didn't know any spells.
Your spell library was empty.

Inventory:

Hand Weapons
 n - a +0 mace
 Y - a +1 war axe (weapon)
Armour
 c - a +0 buckler (worn)
 j - a +0 chain mail (worn)
 o - a +1 helmet (worn)
Scrolls
 f - a scroll of identify
Potions
 a - 2 potions of curing
 b - a potion of heal wounds {unknown}
 d - a potion of might
 e - a potion of ambrosia {unknown}
 g - a potion of enlightenment {unknown}
 h - a potion of lignification {unknown}
 i - a potion of attraction {unknown}
 l - a potion of invisibility {unknown}
 p - a potion of magic

Dungeon Overview and Level Annotations

Branches:
Dungeon (4/15)
 Temple: D:4-7

Altars:
Ashenzari
Makhleb

Shops:
D:1 :


Message History

You hit the wyvern but do no damage.
The wyvern bites you but does no damage. x2
You hit the wyvern but do no damage.
The wyvern bites you but does no damage.
You barely miss the wyvern.
The wyvern bites you but does no damage.
The wyvern barely misses you.
You hit the wyvern but do no damage.
The wyvern bites you but does no damage. x2
You closely miss the wyvern.
The wyvern bites you but does no damage.
The wyvern bites you.
You hit the wyvern but do no damage.
The wyvern bites you but does no damage. x2
You barely miss the wyvern. The wyvern completely misses you.
The wyvern bites you.
You hit the wyvern.
The wyvern is lightly wounded.
The wyvern barely misses you. The wyvern bites you.
You barely miss the wyvern.
The wyvern is lightly wounded.
The wyvern bites you! You block the wyvern's attack.
You hit the wyvern but do no damage. You block the wyvern's attack.
You slash the wyvern!
The wyvern is heavily wounded.
The wyvern barely misses you. x2
You closely miss the wyvern.
The wyvern is moderately wounded.
The wyvern bites you! The wyvern barely misses you.
You barely miss the wyvern.
The wyvern is moderately wounded.
The wyvern barely misses you. The wyvern bites you!
You hit the wyvern.
The wyvern is severely wounded.
The wyvern bites you! You block the wyvern's attack.
You hit the wyvern.
The wyvern is severely wounded.
The wyvern bites you.
You die...

#.#..###...##.#.##
#.#......#....##.##
#.###.#.####...######..
#......<...............
#.###.........#########
###.####### #.#
...#####.# ......l@.#
##########


You could see a wyvern.

Vanquished Creatures
  An ogre (D:4)
  An orc priest (D:3)
  Ijyb (D:3)
  Natasha (thrice) (D:3)
  An orc wizard (D:3)
  A hound skeleton (D:3)
  Robin (D:3)
  5 adders
  4 gnolls (D:3)
  An adder zombie (D:3)
  2 worms
  3 dart slugs
  2 orcs (D:3)
  2 ball pythons
  6 endoplasms
  4 giant cockroaches
  14 goblins
  7 hobgoblins
  2 jackals (D:1)
  6 kobolds
  4 quokkas
  A ball python skeleton (D:3)
  2 bats
  4 frilled lizards
  A quokka zombie (D:3)
  5 rats
84 creatures vanquished.

Notes
Turn   | Place    | Note
-------+----------+-------------------------------------------
     0 | D:1      | qw the Gargoyle Fighter began the quest for the Orb.
     0 | D:1      | Reached XP level 1. HP: 14/14 MP: 1/1
     0 | D:1      | 0 ||| qw: Version: 0.3-a-9-g12657ce
     0 | D:1      | 0 ||| qw: Game counter: 1502
     0 | D:1      | 0 ||| qw: Always use a shield: true
     0 | D:1      | 0 ||| qw: God list: Okawaru
     0 | D:1      | 0 ||| qw: Allow faded altars: false
     0 | D:1      | 0 ||| qw: Do Orc after D:15 true
     0 | D:1      | 0 ||| qw: Do second Lair branch before Depths: true
     0 | D:1      | 0 ||| qw: Lair rune preference: random
     0 | D:1      | 0 ||| qw: Plans: Normal, Zot:1-4, Slime:5, God:TSO, Crypt,
                  | Tomb, Abyss, Pan, Hells, Win
     0 | D:1      | 0 ||| PLANNING D:1-11
    46 | D:1      | Reached skill level 2 in Axes
   108 | D:1      | 108 ||| Stepping ~*~*~tactically~*~*~ (stealth).
   159 | D:1      | Reached XP level 2. HP: 17/19 MP: 2/2
   225 | D:1      | 225 ||| Stepping ~*~*~tactically~*~*~ (stealth).
   232 | D:1      | 232 ||| FLEEEEING.
   235 | D:1      | 235 ||| FLEEEEING.
   236 | D:1      | 236 ||| FLEEEEING.
   333 | D:1      | Reached skill level 3 in Axes
   565 | D:1      | Found Emiur's Book Emporium.
   566 | D:1      | 566 ||| Stepping ~*~*~tactically~*~*~ (hiding).
   573 | D:1      | Reached XP level 3. HP: 23/23 MP: 3/3
   817 | D:1      | 817 ||| READING scroll labelled DYNOS QADESH.
   918 | D:2      | 918 ||| Stepping ~*~*~tactically~*~*~ (stealth).
  1026 | D:2      | Found a burning altar of Makhleb.
  1069 | D:2      | 1069 ||| Stepping ~*~*~tactically~*~*~ (stealth).
  1070 | D:2      | 1070 ||| Stepping ~*~*~tactically~*~*~ (stealth).
  1072 | D:2      | 1072 ||| Stepping ~*~*~tactically~*~*~ (stealth).
  1089 | D:2      | Reached XP level 4. HP: 26/28 MP: 4/4
  1205 | D:2      | 1205 ||| Stepping ~*~*~tactically~*~*~ (stealth).
  1207 | D:2      | 1207 ||| Stepping ~*~*~tactically~*~*~ (hiding).
  1393 | D:2      | Reached skill level 4 in Axes
  1466 | D:2      | 1466 ||| Stepping ~*~*~tactically~*~*~ (stealth).
  1742 | D:2      | 1742 ||| READING scroll labelled WOICRIUTAYT.
  1743 | D:2      | 1743 ||| READING scroll labelled DOMIERHAEM.
  1744 | D:2      | 1744 ||| READING scroll labelled NUIHAL ZUIQA.
  1847 | D:3      | 1847 ||| Stepping ~*~*~tactically~*~*~ (stealth).
  1849 | D:3      | 1849 ||| Stepping ~*~*~tactically~*~*~ (hiding).
  1871 | D:3      | 1871 ||| Stepping ~*~*~tactically~*~*~ (hiding).
  1872 | D:3      | 1872 ||| Stepping ~*~*~tactically~*~*~ (hiding).
  1874 | D:3      | 1874 ||| Stepping ~*~*~tactically~*~*~ (hiding).
  1928 | D:3      | 1928 ||| DRINKING 2 potions of curing.
  1928 | D:3      | 1928 ||| (to cure confusion)
  1933 | D:3      | Reached XP level 5. HP: 32/32 MP: 5/5
  1933 | D:3      | 1933 ||| DRINKING potion of curing.
  1933 | D:3      | 1933 ||| (to cure confusion)
  1942 | D:3      | Reached skill level 5 in Axes
  2105 | D:3      | 2105 ||| Stepping ~*~*~tactically~*~*~ (stealth).
  2120 | D:3      | Noticed Robin
  2124 | D:3      | 2124 ||| Stepping ~*~*~tactically~*~*~ (hiding).
  2134 | D:3      | Killed Robin
  2164 | D:3      | 2164 ||| DROPPING +0 whip.
  2185 | D:3      | Noticed Natasha
  2186 | D:3      | 2186 ||| Stepping ~*~*~tactically~*~*~ (hiding).
  2195 | D:3      | Killed Natasha
  2196 | D:3      | Reached skill level 1 in Dodging
  2196 | D:3      | Reached XP level 6. HP: 35/38 MP: 6/6
  2220 | D:3      | Noticed Natasha
  2221 | D:3      | 2221 ||| Stepping ~*~*~tactically~*~*~ (stealth).
  2386 | D:3      | 2386 ||| Stepping ~*~*~tactically~*~*~ (stealth).
  2387 | D:3      | 2387 ||| Stepping ~*~*~tactically~*~*~ (stealth).
  2395 | D:3      | 2395 ||| Stepping ~*~*~tactically~*~*~ (hiding).
  2403 | D:3      | Killed Natasha
  2433 | D:3      | Noticed Natasha
  2434 | D:3      | 2434 ||| Stepping ~*~*~tactically~*~*~ (hiding).
  2442 | D:3      | Killed Natasha
  2646 | D:3      | Noticed Ijyb
  2658 | D:3      | Killed Ijyb
  2785 | D:3      | 2785 ||| UPGRADING to +0 chain mail.
  2795 | D:3      | 2795 ||| DROPPING +0 scale mail.
  2796 | D:3      | 2796 ||| UPGRADING to +1 helmet.
  2801 | D:3      | 2801 ||| READING scroll labelled UCYGOT ASCHUJ.
  2802 | D:3      | 2802 ||| READING scroll labelled YSKOGOUGIE.
  2803 | D:3      | 2803 ||| DRINKING 2 dark potions.
  2854 | D:4      | HP: 8/38 [ogre/+0 giant spiked club (15)]
  2856 | D:4      | Reached skill level 6 in Axes
  2980 | D:4      | Found a broken altar of Ashenzari.
  3097 | D:4      | Noticed a wyvern
  3100 | D:4      | Reached XP level 7. HP: 43/43 MP: 7/7
  3115 | D:4      | HP: 5/43 [wyvern (8)]
  3116 | D:4      | Slain by a wyvern

Levels and vault maps discovered:
D:1:      ncdulo_smallfort, layout_loops_ring, serial_shops, shop
D:2:      layout_basic, basic_altar, minmay_misc_feat_tiny, glass_columns_b
D:3:      layout_loops_ring, serial_undead, serial_undead_f, serial_undead_c,
          serial_undead_c, serial_undead_d, hangedman_decor_opposing,
          corexii_shack, minivault_14, uniq_ijyb, uniq_natasha, uniq_robin
D:4:      minmay_wonky_spiral, layout_loops_ring,
          grunt_temple_overflow_order_and_chaos_2, kennysheep_little_box,
          nicolae_ru_sacrificial_ziggurat

Skill      XL: |  1  2  3  4  5  6 |
---------------+-------------------+-----
Axes           | 2 3 4 5 6 |  6.1
Fighting       | 4 |  4.0
Dodging        | 1 |  1.0
Armour         | |  3.2
Shields        | |  3.2

Action                     |  1- 3 |  4- 6 |  7- 9 || total
---------------------------+-------+-------+-------++-------
  Melee: War axe           |    88 |   152 |    16 ||   256
    Use: Scroll            |     1 |     5 |       ||     6
         Potion            |       |     3 |       ||     3
 Armour: Scale mail        |    57 |    59 |       ||   116
         Chain mail        |       |     1 |    10 ||    11
  Dodge: Dodged            |    37 |    59 |     7 ||   103
  Block: Buckler           |    17 |    21 |     3 ||    41

Table legend:
 A = Non-vault XP
 B = Vault XP
 C = Vault XP percentage of total XP
 D = Non-vault monster count
 E = Vault monster count
 F = Vault count percentage of total count
                 A         B        C        D         E       F
            +---------+---------+-------+---------+---------+-------
      Total |     488 |     136 |  21.8 |      65 |      19 |  22.6
            +---------+---------+-------+---------+---------+-------
        D:1 |      35 |       0 |   0.0 |      18 |       0 |   0.0
        D:2 |      74 |       0 |   0.0 |      21 |       0 |   0.0
        D:3 |     244 |     136 |  35.8 |      21 |      19 |  47.5
        D:4 |     135 |       0 |   0.0 |       5 |       0 |   0.0
            +---------+---------+-------+---------+---------+-------
